Map: Nightscape LE

Players

SLicKcHeeZEE

  • Race: Zerg Zerg
  • Spawn Location: 1:00

A.I. 1 (Very Hard) - Winner!

  • Race: Zerg Zerg
  • Spawn Location: 7:00

VOD

Have the link to the VOD?

Description

Time

  • Played on: Sept. 12, 2026, 11:41 p.m.
  • Length: 4:43
Show
View Real Time Build Order
Export as new Build Order

SLicKcHeeZEE Zerg 

Build Orders: Pool First 

Get SALT Encoding   

  8  0:00  Drone  
  9  0:11  Drone  
  10  0:16  Drone  
  11  0:28  Overlord  
  11  0:33  Drone  
  12  0:46  Drone x2  
  14  0:53  Drone  
  15  1:01  Drone  
  16  1:09  Spawning Pool  
  15  1:14  Drone  
  16  1:21  Drone  
  17  1:39  Hatchery  
  16  1:46  Overlord  
  16  1:58  Queen  
  18  2:12  Zergling x6  
  21  2:42  Queen  
  23  2:45  Overlord  
  23  2:58  Drone x4  
  27  3:06  Extractor  
  26  3:16  Overlord  
  26  3:18  Drone x2  
  26  3:19  Drone  
  29  3:27  Drone x2  
  31  3:36  Queen  
  33  3:42  Drone x4  
  33  3:43  Drone  
  33  3:44  Drone x2  
  40  3:51  Overlord  
  40  4:00  Roach Warren  
Show
View Real Time Build Order
Export as new Build Order

A.I. 1 (Very Hard) Zerg - Winner!

Build Orders: 1 Base Baneling Bust, Pool Only 

Get SALT Encoding   

  8  0:00  Drone  
  9  0:10  Drone  
  10  0:16  Drone  
  11  0:21  Drone  
  12  0:33  Overlord  
  12  0:51  Drone x2  
  14  1:02  Spawning Pool  
  13  1:05  Drone  
  13  1:09  Extractor  
  13  1:13  Drone  
  13  1:17  Drone  
  15  1:48  Queen, Zergling x4  
  15  1:49  Zergling x2  
  20  1:58  Overlord  
  20  2:17  Zergling x2  
  20  2:18  Zergling x2  
  20  2:21  Baneling Nest  
  21  2:28  Drone  
  22  2:38  Zergling x2  
  23  2:48  Zergling x2  
  24  2:55  Zergling x4  
  26  3:04  Baneling x2  
  26  3:05  Baneling x2, Zergling x2  
  27  3:06  Baneling x3  
  27  3:09  Zergling x2  
  28  3:19  Overlord  
  28  3:37  Zergling x6  
  28  3:40  Zergling x2  
  32  3:45  Zergling x2  
  33  3:50  Zergling x2  
  34  3:59  Zergling x4  
  36  4:06  Overlord  
  32  4:27  Roach Warren  
Tags
 
Add a new tag
Caveats
  • Supply blocks, unpowered buildings, or Contaminate may cause inaccurate times.
  • Supply counts are checked every 10 seconds.